 Dungeon Crawl Stone Soup version 0.31.0-12-g77e489cdc1 (webtiles) character file.

Game seed: 4455558675307251631

42 Gadfly the Shield-Bearer (level 3, -2/23 HPs)
             Began as a Gargoyle Fighter on Mar 7, 2024.
             Slain by Robin
             ... wielding a +0 trident
              (7 damage)
             ... on level 2 of the Dungeon.
             The game lasted 00:02:13 (1063 turns).

Gadfly the Shield-Bearer (Gargoyle Fighter)         Turns: 1063, Time: 00:02:14

Health: -2/23      AC: 11    Str: 19    XL:     3   Next: 56%
Magic:  4/4        EV:  9    Int:  8    God:
Gold:   90         SH:  4    Dex: 11    Spells: 2/2 levels left

rFire   . . .        a - +0 flail
rCold   . . .        c - +0 buckler
rNeg    + . .        e - +0 scale mail
rPois   ∞            (no helmet)
rElec   +            g - +0 cloak
rCorr   .            (no gloves)
SInv    .            (no boots)
Will    .....        (no amulet) Stlth
                     (no ring)
HPRegen 0.23/turn    (no ring)
MPRegen 0.09/turn

%: no passive effects
@: no status effects
A: sickness immunity, AC +3, negative energy resistance 1, electricity
resistance, torment resistance 1, petrification resistance
a: no special abilities


You were on level 2 of the Dungeon.
You visited 1 branch of the dungeon, and saw 2 of its levels.

You collected 90 gold pieces.

Inventory:

Hand Weapons
 a - a +0 flail (weapon)
 b - a +2 short sword of flaming
Armour
 c - a +0 buckler (worn)
 e - a +0 scale mail (worn)
 g - a +0 cloak (worn)
Scrolls
 h - a scroll of teleportation {unknown}
 i - a scroll of identify {unknown}
Potions
 d - a potion of might
 f - a potion of enlightenment {unknown}


   Skills:
 + Level 3.4 Fighting
 * Level 2.4 Maces & Flails
 + Level 3.4 Armour
 + Level 3.5 Shields
 * Level 1.5 Invocations
 * Level 1.1 Evocations


You had 2 spell levels left.
You didn't know any spells.
Your spell library was empty.

Dungeon Overview and Level Annotations

Branches:
Dungeon (2/15)

Altars:

Annotations:
D:2 Robin


Innate Abilities, Weirdness & Mutations

You are immune to sickness and miasma.
Your stone body is resilient. (AC +3)
You are immune to poison.
You resist negative energy. (rN+)
You are resistant to electric shocks. (rElec)
You are resistant to unholy torment.
You are immune to petrification.


Message History

The goblin goes into a battle-frenzy!
The goblin closely misses you.
The goblin shouts!
You hear a shout!
You hit the goblin but do no damage.
The goblin is severely wounded.
You block the goblin's attack.
Robin hits you from afar with a +0 trident.
The goblin hits you but does no damage. You block Robin's attack.
You barely miss the goblin.
The goblin is severely wounded.
Robin barely misses you. The goblin hits you but does no damage.
You closely miss the goblin.
The goblin is severely wounded.
A goblin comes into view. It is wielding a +0 dagger.
The goblin barely misses you.
Robin's bangles clink loudly.
You closely miss the goblin.
The goblin is severely wounded.
Robin roars a battlecry!
The goblin goes into a battle-frenzy!
The goblin hits you but does no damage.
You hit the goblin.
You kill the goblin!
Robin throws the goblin at you!
A goblin comes into view. It is wielding a +0 dagger.
Robin roars a battlecry!
The goblin goes into a battle-frenzy!
The goblin hits you with a +0 club.
You sock the goblin!
You kill the goblin!
Robin throws the goblin at you!
* * * LOW HITPOINT WARNING * * *
The goblin barely misses you.
You barely miss the goblin. The goblin hits you with a +0 dagger.
* * * LOW HITPOINT WARNING * * *
Unknown command.
You closely miss the goblin. The goblin hits you but does no damage.
Robin hits you from afar with a +0 trident!
You die...
Robin says, "And that's why I'm the boss."

...........#
.#########.# .## #.# ..#
#.# ..### #.#
....######.############
......................#
....######.#######..#.>#
..### #.#.gg)@g(## .#
..# #.#.#####..# .#####
#.# ##...# .....#####.#
#.## ...........# .#
##..######## .. )#..# ##
!#..# $#..#


You could see Robin and 2 goblins.

Vanquished Creatures
  A gnoll (D:1)
  A dart slug (D:1)
  2 endoplasms (D:1)
  2 giant cockroaches (D:1)
  5 goblins
  4 hobgoblins
  4 kobolds (D:1)
  2 ball pythons (D:1)
  2 bats (D:1)
  3 frilled lizards (D:1)
  A rat (D:1)
27 creatures vanquished.

Notes
Turn   | Place    | Note
-------+----------+-------------------------------------------
     0 | D:1      | Gadfly the Gargoyle Fighter began the quest for the Orb.
     0 | D:1      | Reached XP level 1. HP: 14/14 MP: 1/1
   133 | D:1      | Reached XP level 2. HP: 19/19 MP: 2/2
   240 | D:1      | Reached skill level 1 in Invocations
   305 | D:1      | Reached XP level 3. HP: 7/23 MP: 3/3
   589 | D:1      | Reached skill level 1 in Evocations
  1048 | D:2      | Noticed Robin
  1063 | D:2      | Slain by Robin

Illustrated notes

Levels and vault maps discovered:
D:1:      dpeg_arrival_simpleton_c, layout_loops_corners
D:2:      layout_loops_ring, due_unseen_surprise, uniq_robin

Skill      XL: |  1  2  3 |
---------------+----------+-----
Invocations    | 1 |  1.5
Evocations     | 1 |  1.1
Fighting       | |  3.4
Maces & Flails | |  2.4
Armour         | |  3.4
Shields        | |  3.5

Action                     || total
---------------------------++-------
  Melee: Flail             ||    51
         Short sword       ||    35
 Armour: Scale mail        ||    66
  Dodge: Dodged            ||    37
  Block: Buckler           ||    21
